 Dungeon Crawl Stone Soup version 0.24-a0-57-gac335f2 (webtiles) character file.

Game seed: 3032415292717288818

9050 nikopol the Cleaver (level 11, -2/95 HPs)
             Began as a Minotaur Fighter on Feb 4, 2019.
             Was a High Priest of Okawaru.
             Killed by a guardian mummy's death curse (24 damage)
             ... on level 10 of the Dungeon.
             The game lasted 00:22:21 (8643 turns).

nikopol the Cleaver (Minotaur Fighter)              Turns: 8643, Time: 00:22:22

Health: -2/95      AC: 10    Str: 24    XL:     11   Next: 17%
Magic:  10/10      EV: 11    Int:  5    God:    Okawaru [*****.]
Gold:   473        SH: 16    Dex: 10    Spells: 10/10 levels left

rFire    + . .     SeeInvis .   a - +1 war axe
rCold    . . .     Gourm    .   c - +0 shield
rNeg     . . .     Faith    .   b - +0 scale mail
rPois    .         Spirit   .   (helmet restricted)
rElec    .         Reflect  +   (no cloak)
rCorr    .         Harm     .   p - +1 pair of gloves
MR       .....                  (no boots)
Stlth    ..........             B - +4 amulet of reflection
HPRegen  0.25/turn              (no ring)
MPRegen  0.12/turn              E - ring of protection from fire

@: no status effects
A: retaliatory headbutt, horns 2
a: Heroism, Finesse, Renounce Religion


You were on level 10 of the Dungeon.
You worshipped Okawaru.
Okawaru was extremely pleased with you.
You were not hungry.

You visited 2 branches of the dungeon, and saw 11 of its levels.
You also visited: Ossuary.

You collected 473 gold pieces.

Inventory:

Hand Weapons
 a - a +1 war axe (weapon)
 j - a +5 flail of protection
Missiles
 x - 4 tomahawks (quivered)
Armour
 b - a +0 scale mail (worn)
 c - a +0 shield (worn)
 p - a +1 pair of gloves (worn)
 u - a +0 pair of gloves
Jewellery
 B - a +4 amulet of reflection (around neck)
 E - a ring of protection from fire (right hand)
Wands
 y - a wand of polymorph (7)
 z - a wand of scattershot (4)
 A - a wand of enslavement (8)
 F - a wand of flame (25)
 H - a wand of random effects (40)
Scrolls
 h - 10 scrolls of teleportation
 k - 2 scrolls of enchant weapon
 l - 2 scrolls of fog
 m - 3 scrolls of enchant armour {unknown}
 n - 3 scrolls of identify
 r - 4 scrolls of remove curse
 G - a scroll of fear {unknown}
 I - 4 scrolls of immolation {unknown}
Potions
 d - a potion of magic {unknown}
 e - 2 potions of lignification
 i - 3 potions of curing
 o - a potion of brilliance {unknown}
 q - 3 potions of haste
 t - 5 potions of flight
 v - 3 potions of degeneration {unknown}
 w - a potion of might
 C - 2 potions of cancellation {unknown}
 D - a potion of berserk rage {unknown}
Comestibles
 f - 20 rations
 g - 7 chunks of flesh


   Skills:
 + Level 8.9 Fighting
 + Level 13.2 Axes
 + Level 1.1 Throwing
 + Level 8.7 Armour
 + Level 4.7 Dodging
 + Level 2.0 Stealth
 + Level 10.0 Shields
 + Level 0.8 Evocations


You had 10 spell levels left.
You didn't know any spells.
Your spell library contained the following spells:

 Spells                   Type           Power        Failure   Level  Hunger
 Corona                   Hex            #......      91%         1    ##.....
 Magic Dart               Conj           #...         91%         1    ##.....
 Summon Small Mammal      Summ           #...         91%         1    ##.....
 Blink                    Tloc           N/A          97%         2    ###....
 Call Imp                 Summ           #.......     97%         2    ###....
 Slow                     Hex            #.......     97%         2    ###....
 Call Canine Familiar     Summ           #.......     100%        3    ####...
 Conjure Flame            Conj/Fire      #.......     100%        3    ####...
 Inner Flame              Hex/Fire       #.......     100%        3    ####...
 Mephitic Cloud           Conj/Pois/Air  #.......     100%        3    ####...
 Portal Projectile        Hex/Tloc       #.....       100%        3    ####...
 Summon Guardian Golem    Hex/Summ       #.......     100%        3    ####...
 Cause Fear               Hex            #.........   100%        4    #####..
 Leda's Liquefaction      Hex/Erth       #.........   100%        4    #####..
 Summon Ice Beast         Ice/Summ       #.......     100%        4    #####..
 Summon Lightning Spire   Summ/Air       #.......     100%        4    #####..


Dungeon Overview and Level Annotations

Branches:
Dungeon (10/15)            Temple (1/1) D:5            Lair (0/6) D:10
    Orc (0/2) D:9

Altars:
Ashenzari
Cheibriados
Dithmenos
Elyvilon
Fedhas
Gozag
Hepliaklqana
Kikubaaqudgha
Makhleb
Nemelex Xobeh
Okawaru
Qazlal
Ru
Sif Muna
Trog
Uskayaw
Vehumet
Wu Jian
Xom
Yredelemnul
Zin
The Shining One

Shops:
D:4 (

Portals:
Trove: D:10 (give 6 scrolls of blinking)


Innate Abilities, Weirdness & Mutations

You reflexively headbutt those who attack you in melee.
You have a pair of horns on your head.


Message History

You closely miss the guardian mummy.
The guardian mummy is moderately damaged.
You block the guardian mummy's attack.
You hit the guardian mummy.
The guardian mummy is moderately damaged.
You block the guardian mummy's attack.
You hit the guardian mummy.
The guardian mummy is heavily damaged.
You closely miss the guardian mummy.
The guardian mummy is heavily damaged.
The guardian mummy hits you!!
* * * LOW HITPOINT WARNING * * *
You feel much better. You block the guardian mummy's attack.
You slice the guardian mummy!!
You destroy the guardian mummy!
Okawaru accepts your kill.
Your Shields skill increases to level 10!
You feel extremely nervous for a moment...
You convulse helplessly as pain tears through your body!
You die...

#......# '(<†...#
#÷.....# #....###
#### #....# ##$$$#
#....# #.....#
#....# ..8.8..###
#....# ∩......'.#
###'####..8.8..#@#
###....##.....##.#
........##$$$##..#
###......#####...#
# #..............#
. #.#####+########
....# ....# #...#


There were no monsters in sight!

Vanquished Creatures
  Psyche (D:9)
  A spiny frog (shapeshifter) (D:10)
  2 guardian mummies (D:10)
  A hornet (D:8)
  Prince Ribbit (D:6)
  A hippogriff (D:7)
  A wyvern (D:9)
  11 yaks
  2 soldier ants (D:8)
  4 porcupines (D:10)
  A water moccasin (D:10)
  2 phantoms
  2 orc warriors (D:9)
  2 ice beasts
  3 ogres
  3 sky beasts
  2 black bears
  5 centaurs
  3 crocodiles (D:10)
  A big kobold (D:10)
  6 bullfrogs
  A wyvern zombie (Ossuary)
  5 scorpions
  6 killer bees
  A howler monkey (D:10)
  4 crimson imps
  2 centaur zombies
  3 jellies
  4 bullfrog skeletons
  4 orc priests
  5 hounds
  4 bullfrog zombies
  Jessica (D:2)
  An iguana (D:6)
  Terence (D:2)
  9 orc wizards
  8 worker ants
  2 killer bee zombies
  2 hound zombies (Ossuary)
  15 mummies (Ossuary)
  A howler monkey skeleton (D:5)
  A howler monkey zombie (Ossuary)
  3 worker ant zombies (Ossuary)
  Robin (D:2)
  3 gnolls (D:4)
  10 adders
  A shadow imp (D:10)
  3 oozes
  4 adder zombies (Ossuary)
  An adder skeleton (D:8)
  3 worms
  A leopard gecko (D:8)
  35 orcs
  A ball python (D:3)
  5 giant cockroaches
  9 hobgoblins
  13 quokkas
  14 bats
  6 frilled lizards
  A giant cockroach zombie (Ossuary)
  12 goblins
  16 kobolds
  A leopard gecko skeleton (D:5)
  2 leopard gecko zombies (Ossuary)
  A quokka zombie (D:7)
  7 rats
288 creatures vanquished.

Vanquished Creatures (others)
  A centaur (D:10)
  3 fungi (D:10)
  A plant (D:10)
  3 withered plants (Ossuary)
8 creatures vanquished.

Grand Total: 296 creatures vanquished

Notes
Turn   | Place    | Note
-------+----------+-------------------------------------------
     0 | D:1      | nikopol the Minotaur Fighter began the quest for the Orb.
     0 | D:1      | Reached XP level 1. HP: 19/19 MP: 0/0
   315 | D:1      | Reached XP level 2. HP: 27/27 MP: 1/1
   706 | D:2      | Noticed Terence
   712 | D:2      | Killed Terence
   712 | D:2      | Reached XP level 3. HP: 33/33 MP: 2/2
   781 | D:2      | Reached skill level 3 in Axes
   899 | D:2      | Noticed Jessica
   901 | D:2      | Killed Jessica
   901 | D:2      | Reached XP level 4. HP: 31/40 MP: 3/3
   969 | D:2      | Identified the +2 helmet of Gluttony {rPois rC++ Int+3
                  | Slay-2}
   969 | D:2      | Noticed Robin
   981 | D:2      | Killed Robin
  1135 | D:2      | Found a burning altar of Makhleb.
  1258 | D:3      | Reached XP level 5. HP: 47/47 MP: 4/4
  1306 | D:3      | Reached skill level 4 in Axes
  1389 | D:3      | Found a shimmering altar of Xom.
  1407 | D:3      | Reached skill level 1 in Dodging
  1686 | D:2      | Found a radiant altar of Vehumet.
  1825 | D:4      | Found Zitielucw's Antique Weapon Shoppe.
  1877 | D:4      | Reached XP level 6. HP: 41/53 MP: 5/5
  2119 | D:4      | Reached skill level 5 in Shields
  2125 | D:4      | Reached skill level 5 in Axes
  2380 | D:4      | Reached skill level 5 in Armour
  2539 | D:4      | Reached XP level 7. HP: 58/60 MP: 6/6
  2617 | D:5      | Entered Level 5 of the Dungeon
  2635 | D:5      | Reached skill level 6 in Axes
  2716 | D:5      | Reached skill level 5 in Fighting
  2733 | D:5      | Found a staircase to the Ecumenical Temple.
  2745 | D:5      | Found a sparkling altar of Nemelex Xobeh.
  2759 | Temple   | Entered the Ecumenical Temple
  2766 | Temple   | Became a worshipper of Warmaster Okawaru
  2946 | D:5      | Reached skill level 7 in Axes
  3179 | D:6      | Reached XP level 8. HP: 38/69 MP: 7/7
  3185 | D:6      | Reached * piety under Okawaru
  3529 | D:6      | Found a shattered altar of Ashenzari.
  3570 | D:6      | Noticed Prince Ribbit
  3597 | D:6      | Killed Prince Ribbit
  3597 | D:6      | Reached skill level 8 in Axes
  4178 | D:6      | Got a transparent bone ring
  4347 | D:6      | Reached ** piety under Okawaru
  4541 | D:6      | Identified the cursed ring of Vokla {MR+ Str-3} (You found
                  | it on level 6 of the Dungeon)
  4609 | D:7      | Found a sand-covered staircase.
  4615 | D:7      | Reached skill level 1 in Stealth
  4626 | Ossuary  | Entered an ossuary
  4827 | Ossuary  | Reached skill level 9 in Axes
  5000 | Ossuary  | Reached XP level 9. HP: 71/75 MP: 8/8
  5184 | Ossuary  | Got a fine copper ring
  5749 | D:7      | Reached *** piety under Okawaru
  5816 | D:7      | Reached skill level 10 in Axes
  6011 | D:7      | Identified the ring of Ludoelep {Str-5 Int+6 Stlth+} (You
                  | found it in an ossuary)
  6156 | D:8      | Reached skill level 11 in Axes
  6159 | D:8      | Found a shimmering altar of Xom.
  6161 | D:8      | Found a shimmering altar of Xom.
  6161 | D:8      | Found a shimmering altar of Xom.
  6162 | D:8      | Found a shimmering altar of Xom.
  6163 | D:8      | Found a shimmering altar of Xom.
  6321 | D:8      | Reached **** piety under Okawaru
  6598 | D:8      | Found a shimmering altar of Xom.
  6598 | D:8      | Found a shimmering altar of Xom.
  6658 | D:8      | Found a shadowy altar of Dithmenos.
  6694 | D:8      | Reached XP level 10. HP: 78/86 MP: 9/9
  6955 | D:9      | Found a staircase to the Orcish Mines.
  6997 | D:9      | Found a basalt altar of Yredelemnul.
  6998 | D:9      | Found an opulent altar of Gozag.
  7058 | D:9      | Noticed Psyche
  7257 | D:9      | Killed Psyche
  7572 | D:10     | Entered Level 10 of the Dungeon
  7586 | D:10     | Reached skill level 12 in Axes
  7643 | D:10     | Reached ***** piety under Okawaru
  8084 | D:10     | Reached skill level 1 in Throwing
  8106 | D:10     | Found a staircase to the Lair.
  8173 | D:10     | Noticed a spiny frog
  8184 | D:10     | Killed a spiny frog
  8438 | D:10     | Reached skill level 13 in Axes
  8443 | D:9      | Received a gift from Okawaru
  8453 | D:10     | Reached XP level 11. HP: 67/95 MP: 10/10
  8623 | D:10     | Found a portal to a secret trove of treasure.
  8641 | D:10     | HP: 2/95 [guardian mummy (21)]
  8643 | D:10     | Reached skill level 10 in Shields
  8643 | D:10     | Killed by a guardian mummy's death curse

Vault maps used:
D:1:      giann_bridges
D:2:      lemuel_upstairs_altar, marbit_many_paths, first_ration,
          chequers_serial_rivers_micro_a, uniq_jessica, uniq_terence, uniq_robin
D:3:      minmay_wonky_spiral, lemuel_crystal_altar, kennysheep_boxes
D:4:      black_bear_nest_1, serial_shops,
          nicolae_shop_competitors_out_of_business
D:5:      nemelex_xobeh_ov_fountains_minmay, minmay_temple_entry_gardened_gates,
          grunt_ministairs_6
D:6:      overflow_temple_1_default, uniq_prince_ribbit1
D:7:      enter_ossuary_1, chequers_serial_rivers_large_b
D:8:      nicolae_overflow_crystal_walls, hangedman_pestilent_swarm,
          xom_redecorated
D:9:      gammafunk_temple_overflow_pools, orc_0_dummy, uniq_psyche
D:10:     minmay_lair_entry_grove, enter_bailey_2,
          nicolae_trove_entry_path_of_doom, minmay_evil_grid
Temple:   minmay_freezing_vapour_temple
Ossuary:  ossuary_zaba_flooded

Skill      XL: |  1  2  3  4  5  6  7  8  9 10 11 |
---------------+----------------------------------+-----
Shields        | 4 5 6 7 9 10 | 10.0
Fighting       | 4 5 6 7 8 |  8.9
Armour         | 4 5 7 8 |  8.7
Axes           | 3 4 5 7 9 11 13 | 13.2
Dodging        | 2 3 4 |  4.7
Stealth        | 1 2 |  2.0
Throwing       | 1 |  1.1
Evocations     | |  0.8

Action                   |  1- 3 |  4- 6 |  7- 9 | 10-12 || total
-------------------------+-------+-------+-------+-------++-------
Melee: War axe           |    85 |   164 |   354 |   235 ||   838
       Headbutt          |    15 |    28 |    65 |    50 ||   158
Throw: Tomahawk          |       |       |     2 |     8 ||    10
 Abil: Evoke Flight      |       |       |     1 |       ||     1
Evoke: Wand              |       |       |       |     6 ||     6
  Use: Potion            |     1 |       |     1 |     1 ||     3
       Scroll            |       |       |    13 |       ||    13
  Eat: Chunk             |       |     5 |     7 |     7 ||    19
       Ration            |       |       |     2 |       ||     2
Armor: Scale mail        |    43 |    86 |    94 |    58 ||   281
Dodge: Dodged            |    19 |    61 |    94 |    58 ||   232
Block: Shield            |    43 |   104 |   183 |   194 ||   524
       Reflection        |       |       |       |     6 ||     6

Table legend:
 A = Non-vault XP
 B = Vault XP
 C = Vault XP percentage of total XP
 D = Non-vault monster count
 E = Vault monster count
 F = Vault count percentage of total count
                 A         B        C        D         E       F
            +---------+---------+-------+---------+---------+-------
      Total |    7889 |    5040 |  39.0 |     217 |      72 |  24.9
            +---------+---------+-------+---------+---------+-------
        D:1 |      20 |       0 |   0.0 |      17 |       0 |   0.0
        D:2 |      67 |     108 |  61.7 |      21 |      13 |  38.2
        D:3 |     139 |       3 |   2.1 |      32 |       2 |   5.9
        D:4 |     276 |     121 |  30.5 |      19 |       1 |   5.0
        D:5 |     493 |     123 |  20.0 |      11 |       2 |  15.4
        D:6 |     726 |     277 |  27.6 |      18 |       1 |   5.3
        D:7 |     943 |       0 |   0.0 |      18 |       0 |   0.0
        D:8 |     894 |     623 |  41.1 |      24 |       4 |  14.3
        D:9 |    1813 |     617 |  25.4 |      28 |       2 |   6.7
       D:10 |    2518 |    2449 |  49.3 |      29 |      14 |  32.6
    Ossuary |       0 |     719 | 100.0 |       0 |      33 | 100.0
            +---------+---------+-------+---------+---------+-------
